 Dungeon Crawl Stone Soup version 0.21.1-1-g345015f (webtiles) character file.

23 tidbits the Magician (level 2, 12/26 HPs)
             Began as a Gnoll Wanderer on June 8, 2018.
             Quit the game on level 4 of the Dungeon.
             The game lasted 00:02:48 (192 turns).

tidbits the Magician (Gnoll Wanderer)                Turns: 192, Time: 00:02:49

Health: 12/26      AC:  2    Str: 15    XL:     2   Next: 95%
Magic:  6/7        EV: 11    Int: 12    God:
Gold:   30         SH:  5    Dex: 17    Spells: 5/10 levels left

rFire    . . .     SeeInvis .   e - -2 dagger (curse)
rCold    . . .     Gourm    .   D - +0 buckler
rNeg     . . .     Faith    .   B - +0 robe
rPois    .         Spirit   .   (no helmet)
rElec    .         Reflect  .   (no cloak)
rCorr    .         Harm     .   (no gloves)
MR       .....                  (no boots)
Stlth    ++........             (no amulet)
HPRegen  0.08/turn              h - +2 ring of dexterity
MPRegen  0.10/turn              (no ring)

@: no status effects
A: distributed training, fangs 1, strong nose
a: no special abilities


You were on level 4 of the Dungeon.
You were not hungry.

You visited 1 branch of the dungeon, and saw 4 of its levels.

You collected 30 gold pieces.

Inventory:

Hand Weapons
 b - a +0 hand crossbow
 e - a cursed -2 dagger (weapon)
 j - a +0 rapier
Missiles
 d - 24 stones (quivered)
 f - 14 bolts
Armour
 B - a +0 robe (worn)
 D - a +0 buckler (worn)
Jewellery
 h - a +2 ring of dexterity (left hand)
   (You found it on level 3 of the Dungeon)
Potions
 g - a potion of cancellation {unknown}
 i - a potion of curing {unknown}
Books
 a - a book of Minor Magic

   Spells                             Type                      Level
   a - Magic Dart                     Conjuration                  1
   b - Blink                          Translocation                2
   c - Call Imp                       Summoning                    2
   d - Slow                           Hexes                        2
   e - Conjure Flame                  Conjuration/Fire             3
   f - Mephitic Cloud                 Conjuration/Poison/Air       3
Comestibles
 c - a ration


   Skills:
 + Level 4.5 Fighting
 + Level 0.5 Short Blades
 + Level 0.5 Long Blades
 + Level 0.5 Axes
 + Level 2.5 Maces & Flails
 + Level 0.5 Polearms
 + Level 0.5 Staves
 + Level 0.5 Slings
 + Level 0.5 Bows
 + Level 0.5 Crossbows
 + Level 0.5 Throwing
 + Level 4.5 Armour
 + Level 0.5 Dodging
 + Level 0.5 Stealth
 + Level 4.5 Shields
 + Level 0.5 Unarmed Combat
 + Level 4.9 Spellcasting
 + Level 2.0 Conjurations
 + Level 0.4 Hexes
 + Level 0.4 Charms
 + Level 0.4 Summonings
 + Level 0.4 Necromancy
 + Level 0.4 Translocations
 + Level 0.4 Transmutations
 + Level 0.4 Fire Magic
 + Level 0.4 Ice Magic
 + Level 0.4 Air Magic
 + Level 0.4 Earth Magic
 + Level 0.4 Poison Magic
 + Level 0.7 Invocations
 + Level 0.5 Evocations


You had 5 spell levels left.
You knew the following spells:

 Your Spells              Type           Power        Failure   Level  Hunger
a - Magic Dart            Conj           #...         9%          1    None
b - Blink                 Tloc           N/A          26%         2    ##.....
i - Call Imp              Summ           #.......     26%         2    ##.....


Dungeon Overview and Level Annotations

Branches:
Dungeon (4/15)
 Temple: D:4-7

Altars:


Innate Abilities, Weirdness & Mutations

Your experience applies equally to all skills.
You have very sharp teeth.
Your uncanny sense of smell can sniff out nearby items.


Message History

h - a +2 ring of dexterity (left hand)
Found 2 grey potions.
An adder comes into view.
You see here a grey potion.
Firing (i - inventory. (,) - cycle):
f - 18 bolts (quivered)
Press: ? - help, Shift-Dir - straight line, f - adder
Aim: an adder (hasn't noticed you)
You shoot a bolt. The bolt barely misses the adder.
The adder hisses angrily.
Firing (i - inventory. (,) - cycle):
f - 17 bolts (quivered)
Press: ? - help, Shift-Dir - straight line, f/p - adder
Aim: an adder You shoot a bolt.
The bolt closely misses the adder.
The adder barely misses you.
Firing (i - inventory. (,) - cycle):
f - 16 bolts (quivered)
Press: ? - help, Shift-Dir - straight line, f/p - adder
Aim: an adder You shoot a bolt.
The bolt hits the adder.
The adder is heavily wounded.
The adder barely misses you. The adder bites you.
Firing (i - inventory. (,) - cycle):
f - 15 bolts (quivered)
Press: ? - help, Shift-Dir - straight line, f/p - adder
Aim: an adder (heavily wounded)
You shoot a bolt.
The bolt hits the adder but does no damage.
The adder is heavily wounded.
The adder bites you. x2
Firing (i - inventory. (,) - cycle):
f - 14 bolts (quivered)
Press: ? - help, Shift-Dir - straight line, f/p - adder
Aim: an adder (heavily wounded)
You shoot a bolt. The bolt barely misses the adder.
You block the adder's attack.
Firing (i - inventory. (,) - cycle):
f - 13 bolts (quivered)
Press: ? - help, Shift-Dir - straight line, f/p - adder
Aim: an adder (heavily wounded)
You shoot a bolt. The bolt barely misses the adder.
The adder closely misses you. You block the adder's attack.
Firing (i - inventory. (,) - cycle):
f - 12 bolts (quivered)
Press: ? - help, Shift-Dir - straight line, f/p - adder
Aim: an adder (heavily wounded)
You shoot a bolt. The bolt barely misses the adder.
The adder bites you.
You are poisoned.
The adder poisons you! The adder barely misses you.
Firing (i - inventory. (,) - cycle):
f - 11 bolts (quivered)
Press: ? - help, Shift-Dir - straight line, f/p - adder
Aim: an adder (heavily wounded)
You shoot a bolt. The bolt hits the adder.
You kill the adder!
You feel sick.
i - a grey potion You feel sick.
Found a stone staircase leading down.
Things that are here:
5 bolts; an adder corpse
f - 15 bolts (gained 5)
You see here a bolt.
Found a robe.
Found a stone staircase leading down.
You feel sick.
A bat comes into view.
Firing (i - inventory. (,) - cycle):
f - 15 bolts (quivered)
Press: ? - help, Shift-Dir - straight line, f - bat
Aim: a bat You shoot a bolt.
The bolt barely misses the bat.
The bat misses you.
Cast which spell? (? or * to list)
Aiming: Magic Dart
Press: ? - help, Shift-Dir - straight line, f/p - bat
Aim: a bat The magic dart hits the bat.
The bat is moderately wounded.
The bat hits you but does no damage.
Casting: Magic Dart
Confirm with . or Enter, or press ? or * to list all spells.
Aiming: Magic Dart
Press: ? - help, Shift-Dir - straight line, f/p - bat
Aim: a bat (moderately wounded)
The magic dart hits the bat.
You kill the bat!
You feel sick.
There is a stone staircase leading down here.
You climb downwards.
You feel sick.
You are no longer poisoned.
Found four items.
There is a stone staircase leading up here.
Unknown command.
A leopard gecko comes into view.
Wield which item (- for none, * to show all)? (? for menu, Esc to quit)
It sticks to your hand!
e - a cursed -2 dagger (weapon)
The helpless leopard gecko fails to defend itself.
You puncture the leopard gecko!
You kill the leopard gecko!
You see here a rapier.
j - a rapier Adjust (i)tems, (s)pells, or (a)bilities?
Adjust which item? (? for menu, Esc to quit)
Okay, then.
Okay, then.
Unknown command.
Are you sure you want to abandon this character and quit the game? (Confirm with "yes".)

#.# #.# #.# #.#
#.# #####.#
...#.# # #)#@##
#..###....##
...........####
#####..........
#.#†#######
#.######.#.#
#!.....<.#.#
.?########+#


There were no monsters in sight!

Vanquished Creatures
  An adder (D:3)
  A dart slug (D:2)
  A leopard gecko (D:4)
  A bat (D:3)
  A giant cockroach (D:1)
  2 goblins (D:1)
  3 kobolds
10 creatures vanquished.

Notes
Turn   | Place    | Note
-------+----------+-------------------------------------------
     0 | D:1      | tidbits the Gnoll Wanderer began the quest for the Orb.
     0 | D:1      | tidbits set off with: a book of Minor Magic, a +0 hand crossbow, 23 bolts, a +0 buckler, a +0 robe, a ration
     0 | D:1      | Reached XP level 1. HP: 20/20 MP: 6/6
     2 | D:1      | Learned a level 1 spell: Magic Dart
   106 | D:1      | Reached skill level 2 in Conjurations
   122 | D:2      | Reached XP level 2. HP: 21/26 MP: 7/7
   126 | D:2      | Learned a level 2 spell: Call Imp
   129 | D:2      | Learned a level 2 spell: Blink
   192 | D:4      | Quit the game

Skill      XL: |  1 |
---------------+----+-----
Conjurations   | 2 |  2.0
Fighting       | |  4.5
Short Blades   | |  0.5
Long Blades    | |  0.5
Axes           | |  0.5
Maces & Flails | |  2.5
Polearms       | |  0.5
Staves         | |  0.5
Slings         | |  0.5
Bows           | |  0.5
Crossbows      | |  0.5
Throwing       | |  0.5
Armour         | |  4.5
Dodging        | |  0.5
Stealth        | |  0.5
Shields        | |  4.5
Unarmed Combat | |  0.5
Spellcasting   | |  4.9
Hexes          | |  0.4
Charms         | |  0.4
Summonings     | |  0.4
Necromancy     | |  0.4
Translocations | |  0.4
Transmutations | |  0.4
Fire Magic     | |  0.4
Ice Magic      | |  0.4
Air Magic      | |  0.4
Earth Magic    | |  0.4
Poison Magic   | |  0.4
Invocations    | |  0.7
Evocations     | |  0.5

Action                   || total
-------------------------++-------
Melee: Dagger            ||     1
 Fire: Hand crossbow     ||    27
 Cast: Magic Dart        ||     2
 Stab: Sleeping          ||     1
Armor: Robe              ||     2
Dodge: Dodged            ||     9
Block: Buckler           ||     5

Table legend:
 A = Turns spent in this place as a percentage of turns spent in the entire game.
 B = Non-inter-level travel turns spent in this place as a percentage of non-inter-level travel turns spent in the entire game.
 C = Inter-level travel turns spent in this place as a percentage of turns spent in this place.
 D = Turns resting spent in this place as a percentage of non-inter-level travel turns spent in this place.
 E = Turns spent auto-exploring this place as a percentage of non-inter-level travel turns spent in this place.
 F = Non-inter-level travel turns spent in this place divided by the number of levels of this place that you've seen.
                   A       B       C       D       E      F
               +-------+-------+-------+-------+-------+----------------------
         Total | 100.0 | 100.0 |   0.0 |   0.0 |   0.0 |  48.0
       Dungeon | 100.0 | 100.0 |   0.0 |   0.0 |   0.0 |  48.0
               +-------+-------+-------+-------+-------+----------------------

Table legend:
 A = Kills in this place as a percentage of kills in entire the game.
 B = Kills by you in this place as a percentage of kills by you in the entire game.
 C = Kills by friends in this place as a percentage of kills by friends in the entire game.
 D = Other kills in this place as a percentage of other kills in the entire game.
 E = Experience gained in this place as a percentage of experience gained in the entire game.
 F = Experience gained in this place divided by the number of levels of this place that you have seen.
                   A       B       C       D       E      F
               +-------+-------+-------+-------+-------+----------------------
         Total | 100.0 | 100.0 |   N/A |   N/A | 100.0 |   8.2
       Dungeon | 100.0 | 100.0 |   N/A |   N/A | 100.0 |   8.2
               +-------+-------+-------+-------+-------+----------------------

Vault maps used:
D:1:      mrwooster_arrival_statue_2
D:2:      cheibrodos_helix_gallery, old_standard_altar, old_standard_altar,
          first_ration, uniq_sigmund
D:3:      nicolae_overflow_hidden_temple, nicolae_overflow_crystal_walls,
          fedhas_altar_3, uniq_crazy_yiuf_cottage
D:4:      minmay_temple_entry_poolview, serial_shops, nicolae_shop_stone,
          makhleb_blood_cavern_becter, uniq_blork_the_orc, uniq_ijyb
